 Dungeon Crawl Stone Soup version 0.25-a0-1132-g9d38388ac0 (webtiles) character file.

Game seed: 10253643746016702467, levelgen mode: deterministic

4 mox the Chucker (level 1, -1/23 HPs)
             Began as an Ogre Hunter on May 20, 2020.
             Slain by a leopard gecko (2 damage)
             ... on level 1 of the Dungeon.
             The game lasted 00:00:20 (69 turns).

mox the Chucker (Ogre Hunter)                         Turns: 69, Time: 00:00:21

Health: -1/23      AC:  3    Str: 15    XL:     1   Next: 70%
Magic:  1/1        EV: 10    Int: 12    God:
Gold:   0          SH:  0    Dex:  9    Spells: 0/0 levels left

rFire    . . .     SeeInvis .   a - +0 short sword
rCold    . . .     Gourm    .   (no shield)
rNeg     . . .     Faith    .   b - +0 robe
rPois    .         Spirit   .   (helmet restricted)
rElec    .         Reflect  .   (no cloak)
rCorr    .         Harm     .   (gloves unavailable)
MR       .....                  (boots unavailable)
Stlth    +.........             (no amulet)
HPRegen  0.07/turn              (no ring)
MPRegen  0.07/turn              (no ring)

@: no status effects
A: large, unfitting armour, tough skin 1
a: no special abilities


You were on level 1 of the Dungeon.
You were not hungry.

You visited 1 branch of the dungeon, and saw 1 of its levels.

Inventory:

Hand Weapons
 a - a +0 short sword (weapon)
Missiles
 c - 5 large rocks (quivered)
 d - 2 throwing nets
Armour
 b - a +0 robe (worn)
Potions
 e - a potion of cancellation {unknown}
Comestibles
 f - a ration
 g - a chunk of flesh


   Skills:
 + Level 3.3 Fighting
 - Level 4.0 Throwing
 - Level 1.7 Dodging
 - Level 0.6 Stealth


You couldn't memorise any spells.
You didn't know any spells.
Your spell library was empty.

Dungeon Overview and Level Annotations

Branches:
Dungeon (1/15)

Altars:


Innate Abilities, Weirdness & Mutations

You are too large for most types of armour.
You have tough skin. (AC +1)


Message History

You barely miss the rat. The leopard gecko closely misses you.
The rat bites you but does no damage.
You barely miss the leopard gecko. The leopard gecko barely misses you.
The rat barely misses you. The leopard gecko bites you.
The rat barely misses you. The leopard gecko bites you.
The leopard gecko closely misses you. The rat bites you but does no damage.
The leopard gecko bites you.
* * * LOW HITPOINT WARNING * * *
The rat barely misses you. The leopard gecko closely misses you.
The rat barely misses you.
The leopard gecko bites you but does no damage.
The rat barely misses you. The leopard gecko bites you.
* * * LOW HITPOINT WARNING * * *
The rat closely misses you. The leopard gecko closely misses you.
Unknown command.
The leopard gecko closely misses you. The rat misses you.
The leopard gecko bites you.
You die...

################# ####
<...#...##..#..?##.....
..##..##..#...#.#..# . .
.#..#..#.#.....#...#.#.#
..##.#.##..#..##.......#
.##...#.#.รท#......#...#
..#.###.##...#..##...#
#..###.#.#..#....l.#
.###..##.##.....@##....
. ...# ##.#..##.r.......
#.### #.#...#..#..##...
# ..#..#...#.....
###.#.......#....
#...##...###...#
#.##....#.. .#... ##
.##.......... # ######


You could see a leopard gecko and a rat.

Vanquished Creatures
  A dart slug (D:1)
  A leopard gecko (D:1)
2 creatures vanquished.

Notes
Turn   | Place    | Note
-------+----------+-------------------------------------------
     0 | D:1      | mox the Ogre Hunter began the quest for the Orb.
     0 | D:1      | Reached XP level 1. HP: 22/22 MP: 1/1
    67 | D:1      | HP: 1/23 [leopard gecko (2)]
    69 | D:1      | Slain by a leopard gecko

Illustrated notes

Levels and vault maps discovered:
D:1:      erik_arrival_cave_to_civilisation [erik_arrival_cave_to_hall],
          layout_loops_ring, nrook_loot_triangle

Skill      XL: |  1 |
---------------+----+-----
Fighting       | 3 |  3.3
Throwing       | |  4.0
Dodging        | |  1.7
Stealth        | |  0.6

Action                   || total
-------------------------++-------
Melee: Short sword       ||    11
Armor: Robe              ||     7
Dodge: Dodged            ||    19

Table legend:
 A = Non-vault XP
 B = Vault XP
 C = Vault XP percentage of total XP
 D = Non-vault monster count
 E = Vault monster count
 F = Vault count percentage of total count
                 A         B        C        D         E       F
            +---------+---------+-------+---------+---------+-------
      Total |       7 |       0 |   0.0 |       2 |       0 |   0.0
            +---------+---------+-------+---------+---------+-------
        D:1 |       7 |       0 |   0.0 |       2 |       0 |   0.0
            +---------+---------+-------+---------+---------+-------
